Map: Dusty Gorge

Players

pointblank - Winner!

  • Race: Protoss Protoss
  • Spawn Location: 9:00

Geo - Winner!

  • Race: Zerg Zerg
  • League: Diamond
  • Spawn Location: 11:00

HopeTorture

  • Race: Protoss Protoss
  • Spawn Location: 5:00

ShOOteR

  • Race: Terran Terran
  • Spawn Location: 3:00

VOD

Have the link to the VOD?

Description

Time

  • Played on: May 3, 2018, 5:31 p.m.
  • Length: 13:36
Show
View Real Time Build Order
Export as new Build Order

pointblank Protoss - Winner!

Build Orders: 1 Gate Expand, Oracle Opening 

Get SALT Encoding   

  12  0:00  Probe  
  13  0:13  Probe  
  14  0:19  Pylon  
  14  0:25  Probe  
  15  0:33  Probe  
  15  0:41  Probe  
  15  0:42  Gateway  
  17  0:50  Assimilator  
  17  0:52  Probe  
  18  1:02  Assimilator  
  18  1:06  Probe  
  19  1:18  Probe  
  20  1:32  Nexus  
  20  1:45  Cybernetics Core, Probe  
  21  1:55  Assimilator  
  21  1:57  Probe  
  22  2:02  Pylon  
  22  2:09  Probe  
  23  2:18  Probe  
  23  2:22  Stalker  
  26  2:23  Warp Gate  
  26  2:35  Probe  
  27  2:45  Probe  
  27  2:47  Probe  
  29  2:52  Stalker  
  29  2:58  Probe  
  32  3:02  Probe  
  33  3:08  Stargate  
  33  3:10  Probe  
  34  3:16  Gateway x2  
  34  3:17  Probe  
  35  3:23  Probe  
  36  3:29  Probe  
  36  3:33  Robotics Facility  
  37  3:35  Probe  
  37  3:40  Pylon  
  38  3:41  Oracle, Probe  
  39  3:48  Probe  
  39  3:54  Probe  
  44  4:00  Probe  
  45  4:06  Probe  
  46  4:13  Probe, Pylon  
  46  4:16  Assimilator  
  47  4:19  Probe  
  47  4:23  Observer  
  49  4:25  Probe  
  49  4:29  Assimilator  
  50  4:31  Stalker x2, Probe  
  50  4:32  Stalker, Pylon  
  50  4:37  Probe  
  58  4:43  Probe  
  59  4:54  Oracle  
  62  5:00  Probe  
  62  5:01  Immortal  
  62  5:03  Nexus  
  62  5:05  Pylon x2  
  63  5:12  Probe  
  68  5:14  Probe  
  68  5:18  Forge  
  69  5:22  Pylon  
  69  5:24  Probe  
  69  5:26  Probe  
  71  5:32  Twilight Council  
  71  5:36  Probe  
  71  5:38  Probe  
  71  5:42  Immortal  
  77  5:48  Probe  
  78  5:50  Probe  
  79  6:00  Probe  
  80  6:12  Probe x2  
  80  6:15  Protoss Ground Weapons Level 1, Blink  
  80  6:17  Probe  
  83  6:23  Immortal  
  83  6:24  Probe x2  
  89  6:27  Forge  
  89  6:29  Probe  
  89  6:30  Stalker x2  
  94  6:32  Pylon  
  94  6:34  Pylon  
  94  6:36  Probe  
  95  6:40  Probe  
  95  6:44  Assimilator  
  95  6:45  Probe  
  97  6:48  Photon Cannon  
  97  6:50  Photon Cannon, Assimilator  
  97  6:54  Sentry x2  
  97  6:57  Probe x2  
  103  7:01  Probe  
  104  7:09  Probe x2  
  104  7:13  Protoss Ground Armor Level 1  
  106  7:22  Probe x2  
  105  7:30  Immortal  
  105  7:33  Stalker x3  
  115  7:37  Gateway  
  115  7:38  Gateway  
  115  7:42  Gateway  
  115  7:43  Gateway  
  115  7:46  Gateway  
  115  7:47  Robotics Bay  
  115  7:49  Probe  
  116  7:53  Void Ray  
  120  8:05  Nexus, Pylon, Charge  
  120  8:09  Pylon  
  120  8:12  Protoss Ground Weapons Level 2  
  120  8:14  Pylon  
  120  8:36  Extended Thermal Lance  
  120  8:38  Disruptor  
  120  8:41  Void Ray  
  127  8:44  Zealot x4  
  127  8:45  Zealot x3  
  141  9:03  Templar Archives  
  141  9:09  Fleet Beacon  
  141  9:13  Protoss Ground Armor Level 2  
  141  9:16  Colossus  
  147  9:22  Stalker x6  
  147  9:23  Stalker  
  161  9:53  Robotics Facility  
  161  9:58  Pylon x2  
  161  10:00  Pylon  
  159  10:15  Colossus  
  165  10:23  Mothership  
  165  10:27  Zealot x6  
  165  10:28  Zealot  
  187  10:41  Pylon  
  187  10:46  Pylon  
  187  10:52  Pylon  
  185  11:01  Pylon  
  176  11:05  Pylon  
  176  11:09  Warp Prism  
  176  11:19  Photon Cannon  
  176  11:20  Photon Cannon  
  176  11:22  Photon Cannon  
  176  11:23  Assimilator  
  176  11:24  Colossus  
  182  11:26  Photon Cannon, Assimilator  
  182  11:29  Photon Cannon  
  182  11:32  Photon Cannon  
  146  12:05  Stalker x4  
  146  12:06  Stalker  
  146  12:08  Stalker x3  
  158  12:27  Pylon  
  158  12:32  Photon Cannon  
  158  12:35  Photon Cannon  
  158  12:36  High Templar x3  
  158  12:37  High Templar x2  
  166  12:38  High Templar  
  166  12:39  Zealot  
  166  12:40  Zealot  
  174  12:44  Archon x2  
  174  12:45  Archon  
  180  12:58  Stargate  
  180  12:59  Stargate  
  178  13:19  Zealot x2  
  176  13:20  Zealot x6  
Show
View Real Time Build Order
Export as new Build Order

Geo Zerg - Winner!

Build Orders: Hatch First, Lurkers, Swarm Host 

Get SALT Encoding   

  12  0:01  Drone  
  13  0:12  Drone  
  14  0:15  Extractor  
  14  0:16  Drone  
  15  0:23  Overlord  
  15  0:41  Drone x2  
  17  0:55  Hatchery  
  17  0:57  Drone  
  17  1:11  Spawning Pool  
  17  1:14  Drone  
  17  1:17  Drone  
  18  1:20  Drone  
  19  1:28  Drone  
  19  1:29  Extractor  
  19  1:40  Overlord  
  19  2:00  Zergling x4  
  19  2:01  Queen  
  23  2:09  Drone  
  23  2:10  Queen  
  23  2:12  Drone  
  27  2:17  Drone  
  28  2:26  Drone  
  28  2:28  Drone  
  30  2:31  Drone  
  31  2:37  Metabolic Boost  
  31  2:39  Drone  
  32  2:50  Drone x2  
  34  2:52  Hatchery  
  34  2:58  Baneling Nest, Drone  
  34  3:04  Drone x2  
  35  3:16  Drone  
  35  3:17  Overlord  
  36  3:27  Overlord  
  36  3:35  Queen  
  36  3:36  Drone x3  
  36  3:40  Drone  
  42  3:43  Zergling x4  
  42  3:45  Zergling x2  
  42  3:48  Drone x2  
  47  3:51  Drone x2  
  47  3:52  Zergling x2  
  50  3:55  Lair  
  50  4:08  Extractor  
  49  4:11  Extractor  
  49  4:12  Drone  
  49  4:16  Queen  
  51  4:23  Overlord  
  51  4:34  Drone x3  
  51  4:35  Drone x2  
  56  4:39  Zergling x4  
  56  4:40  Baneling x3  
  56  4:43  Overlord  
  56  4:44  Overlord  
  58  4:46  Overlord x2  
  58  4:52  Drone x7  
  65  5:17  Drone x2, Hydralisk Den  
  65  5:18  Extractor  
  65  5:19  Drone x3  
  65  5:20  Drone x5  
  65  5:21  Drone  
  74  5:48  Grooved Spines  
  74  5:49  Hydralisk x8  
  90  6:08  Extractor  
  90  6:09  Queen, Extractor  
  90  6:12  Spore Crawler  
  90  6:16  Overlord x3  
  89  6:27  Overlord  
  89  6:28  Overlord x2  
  89  6:41  Drone x3  
  89  6:42  Lurker Den  
  89  6:44  Drone x5  
  89  6:45  Drone x4  
  100  6:58  Evolution Chamber  
  100  6:59  Evolution Chamber  
  100  7:00  Muscular Augments  
  98  7:08  Drone x2  
  100  7:19  Hydralisk  
  100  7:20  Hydralisk x11  
  124  7:24  Hydralisk x3  
  124  7:29  Centrifical Hooks  
  130  7:36  Zerg Ground Armor Level 1, Zerg Missile Weapons Level 1  
  130  8:31  Drone, Infestation Pit  
  130  8:32  Overlord  
  130  8:33  Overlord x7  
  130  9:09  Baneling  
  130  9:10  Baneling x4  
  122  9:38  Hydralisk x19  
  120  9:39  Hydralisk x13  
  178  9:56  Hydralisk x6  
  190  10:02  Swarm Host  
  171  10:56  Lurker  
  166  10:57  Lurker  
  166  10:58  Lurker x2  
  166  11:00  Lurker  
  143  11:51  Hydralisk x8  
  143  11:52  Hydralisk x2  
  163  11:59  Hive  
  163  12:08  Swarm Host x4  
  175  12:35  Pneumatized Carapace  
  175  12:39  Swarm Host  
  175  12:40  Swarm Host x5  
Show
View Real Time Build Order
Export as new Build Order

HopeTorture Protoss 

Build Orders:  

Get SALT Encoding   

  12  0:01  Probe  
  13  0:13  Probe  
  14  0:23  Pylon  
  14  0:26  Probe  
  15  0:41  Probe  
  16  0:44  Gateway  
  16  0:53  Probe  
  17  1:01  Probe  
  17  1:02  Gateway  
  17  1:05  Assimilator  
  17  1:10  Probe  
  18  1:11  Pylon  
  19  1:22  Probe  
  20  1:28  Zealot  
  20  1:31  Cybernetics Core  
  22  1:49  Zealot  
  24  1:55  Probe  
  24  1:58  Zealot  
  27  2:07  Probe  
  27  2:08  Pylon  
  28  2:13  Zealot  
  28  2:22  Twilight Council  
  30  2:24  Warp Gate  
  30  2:52  Nexus  
  29  3:02  Charge  
  29  3:22  Nexus  
  29  3:29  Probe  
  30  3:35  Forge  
  30  3:45  Probe  
  30  3:47  Gateway  
  31  3:49  Protoss Ground Weapons Level 1  
  31  3:57  Probe  
  31  4:01  Gateway  
  32  4:09  Probe x2  
  34  4:21  Probe  
  35  4:26  Gateway  
  35  4:28  Probe  
  36  4:35  Gateway  
  36  4:42  Stalker  
  33  4:59  Probe  
  33  5:00  Probe  
  33  5:07  Probe  
  33  5:12  Probe  
  35  5:14  Gateway  
  35  5:19  Probe x2  
  37  5:28  Gateway  
  37  5:31  Probe x2  
  37  5:32  Protoss Ground Weapons Level 2  
  37  5:34  Probe  
  40  5:39  Probe  
  40  5:40  Probe  
  40  5:47  Gateway  
  35  6:05  Stalker  
  35  6:08  Stalker  
  35  6:17  Probe  
  35  6:18  Probe  
  37  6:22  Probe  
  37  6:25  Probe  
  38  6:30  Probe  
  40  6:36  Probe  
  40  6:40  Probe x2  
  40  6:44  Assimilator  
  43  6:48  Probe x2  
  43  6:52  Probe  
  46  6:55  Blink  
  46  6:58  Probe  
  46  7:01  Probe  
  47  7:03  Protoss Ground Weapons Level 3  
  47  7:05  Probe  
  49  7:12  Gateway  
  49  7:15  Shield Battery  
  41  7:30  Probe  
  41  7:31  Probe x2  
  44  7:41  Gateway  
  44  7:43  Probe x3  
  47  7:55  Probe  
  48  8:01  Probe x2  
  48  8:05  Pylon  
  50  8:07  Probe  
  50  8:09  Stalker  
  53  8:15  Probe x2  
  53  8:19  Probe  
  53  8:27  Stalker, Probe x2  
  53  8:33  Probe  
  54  8:34  Stalker  
  54  8:39  Probe x2  
  58  8:45  Probe  
  58  8:47  Stalker, Pylon  
  61  8:51  Probe  
  61  8:53  Stalker  
  64  8:55  Stalker  
  64  8:58  Probe x2  
  68  9:03  Probe  
  68  9:09  Photon Cannon  
  69  9:10  Probe  
  69  9:11  Probe  
  69  9:15  Photon Cannon  
  71  9:20  Pylon  
  71  9:23  Stalker  
  71  9:24  Stalker  
  75  9:27  Probe x2  
  75  9:29  Probe  
  78  9:32  Pylon  
  78  9:33  Protoss Ground Armor Level 1  
  78  9:39  Probe x2  
  78  9:41  Stalker x2, Probe  
  81  9:57  Probe x2  
  83  10:06  Stalker x2  
  86  10:10  Assimilator  
  86  10:12  Zealot x4  
  70  10:16  Assimilator  
  68  10:21  Stalker x2  
  72  10:30  Probe x2  
  74  10:42  Probe x2  
  76  10:54  Probe x2  
  64  11:06  Probe x2  
  66  11:16  Stalker x4  
  74  11:21  Probe x2  
  76  11:26  Nexus  
  76  11:33  Probe x2  
  52  12:15  Stalker x3  
  58  12:16  Stalker x6  
  58  12:17  Stalker x2  
  67  12:50  Stalker x4  
  67  12:51  Stalker x4  
  79  12:52  Stalker  
Show
View Real Time Build Order
Export as new Build Order

ShOOteR Terran 

Build Orders: Command Center First (CC), Bio Tank 

Get SALT Encoding   

  12  0:01  SCV  
  13  0:13  SCV  
  14  0:21  Supply Depot  
  14  0:26  SCV  
  15  0:43  SCV  
  16  0:55  SCV  
  17  1:02  Command Center  
  17  1:07  SCV  
  18  1:19  SCV  
  18  1:23  Barracks  
  19  1:27  Refinery  
  19  1:31  SCV  
  20  1:37  Supply Depot  
  20  1:43  SCV  
  21  2:03  SCV  
  22  2:16  Barracks Tech Lab  
  22  2:17  Orbital Command x2  
  22  2:35  Command Center  
  22  2:40  Refinery  
  22  2:44  SCV  
  23  2:45  SCV  
  24  2:55  Factory  
  24  2:57  SCV x2  
  26  3:09  SCV  
  26  3:10  SCV, Stimpack  
  28  3:17  Engineering Bay  
  28  3:19  Engineering Bay  
  28  3:21  SCV  
  28  3:22  SCV  
  30  3:33  SCV  
  30  3:34  SCV  
  32  3:39  Starport  
  32  3:40  Factory Tech Lab  
  32  3:44  Refinery  
  32  3:45  SCV  
  32  3:46  SCV  
  32  3:47  Refinery  
  34  3:48  Orbital Command  
  34  3:50  Marine  
  35  3:58  SCV  
  35  4:00  Terran Infantry Weapons Level 1  
  36  4:07  Missile Turret  
  36  4:09  SCV  
  37  4:10  SCV  
  37  4:14  SCV  
  39  4:18  Terran Infantry Armor Level 1  
  39  4:20  Starport Tech Lab  
  39  4:21  SCV  
  39  4:24  SCV  
  41  4:26  SCV  
  41  4:28  Orbital Command  
  42  4:33  SCV  
  42  4:36  SCV  
  44  4:39  Barracks  
  44  4:43  Missile Turret  
  44  4:45  Marine  
  45  4:46  Viking  
  47  4:54  Barracks  
  47  4:55  Barracks  
  47  4:58  Factory  
  47  5:03  SCV x3  
  47  5:06  Supply Depot  
  50  5:07  Supply Depot  
  50  5:15  SCV x3  
  53  5:29  Command Center  
  53  5:40  SCV x2  
  57  5:44  Barracks Reactor  
  57  5:45  Barracks Reactor  
  57  5:46  Factory Tech Lab  
  55  5:52  SCV x2  
  55  5:53  Starport  
  57  6:04  SCV  
  58  6:14  Armory  
  58  6:15  Armory  
  58  6:16  Armory  
  58  6:17  SCV x2  
  60  6:21  Orbital Command, Refinery  
  60  6:24  Refinery  
  60  6:27  Combat Shields  
  60  6:28  Infernal Pre-Igniter  
  60  6:29  SCV x2  
  60  6:30  Hellion  
  60  6:31  Hellion, Marine x3  
  60  6:32  Marine x3  
  72  6:37  Supply Depot  
  72  6:38  Supply Depot  
  72  6:39  Supply Depot x2  
  72  6:40  Supply Depot  
  72  6:41  SCV  
  72  6:42  Supply Depot  
  72  6:46  SCV  
  74  6:52  Hellion x2  
  78  6:55  SCV x2  
  78  6:58  SCV  
  83  7:02  Terran Infantry Weapons Level 2, Terran Infantry Armor Level 2  
  83  7:07  SCV  
  84  7:08  Marauder  
  84  7:09  Barracks Tech Lab  
  84  7:13  Barracks  
  84  7:15  Barracks  
  84  7:30  Concussive Shells  
  84  7:32  Starport Reactor  
  84  7:36  Terran Ship Weapons Level 1, Terran Vehicle And Ship Armor Level 1, Terran Vehicle Weapons Level 1  
  84  7:40  Starport  
  84  7:43  SCV x2  
  84  7:44  SCV, Starport  
  88  7:46  Orbital Command  
  87  7:55  SCV x2  
  87  7:56  SCV  
  90  8:06  Marine  
  90  8:07  SCV, Marine x5  
  90  8:08  SCV x2, Siege Tank  
  90  8:09  Siege Tank  
  90  8:11  Medivac  
  107  8:13  Barracks Tech Lab x2  
  108  8:20  SCV, Ghost Academy, Starport Tech Lab x2  
  108  8:24  SCV x3, Marine  
  108  8:25  Marine x5  
  115  8:27  Refinery  
  115  8:29  Refinery  
  115  8:32  SCV  
  115  8:34  Command Center  
  116  8:35  Bunker  
  116  8:36  SCV  
  116  8:40  Siege Tank  
  116  8:41  Siege Tank  
  123  8:42  Marine  
  124  8:48  Missile Turret  
  124  8:58  Marine x3  
  124  8:59  Marine x2  
  129  9:06  Bunker  
  129  9:09  Missile Turret, Marine x3  
  132  9:13  Siege Tank x2  
  132  9:16  Marine x2  
  124  9:30  Missile Turret  
  117  9:38  Bunker  
  117  9:47  Marine x4  
  117  9:48  Marine x4  
  117  9:50  Missile Turret  
  117  9:53  Viking x4  
  117  9:56  Cloaking Field, Hyperflight Rotors  
  125  10:06  Marine  
  125  10:12  Missile Turret  
  125  10:13  Bunker, Marine  
  125  10:14  Marine  
  125  10:15  Marine  
  125  10:16  Marine x2  
  125  10:17  Marine x2  
  124  10:24  Marine  
  124  10:30  Viking x2  
  124  10:31  Marine  
  124  10:32  Marine  
  124  10:33  Marine  
  124  10:34  Marine x3  
  124  10:35  Marine  
  117  10:42  Marine  
  118  10:43  Siege Tank x2  
  118  10:49  Marine x2  
  119  10:50  Marine, Liberator  
  119  10:51  Liberator x4  
  113  11:15  Siege Tank x2  
  92  11:42  Command Center x2  
  92  11:43  Command Center  
  78  11:47  Command Center  
  78  11:48  Marine, Widow Mine x2  
  67  12:08  Marauder x3  
  70  12:09  Siege Tank x2, Marauder  
  76  12:29  Marauder  
  82  12:30  Marauder x3  
  82  12:33  Marine x3  
  82  12:34  Marine  
  86  12:41  Siege Tank x2  
  92  12:51  Marine x3, Marauder x3  
Tags
 
Add a new tag
Caveats
  • Supply blocks, unpowered buildings, or Contaminate may cause inaccurate times.
  • Supply counts are checked every 10 seconds.